 Dungeon Crawl Stone Soup version bcrawl-1.14 (webtiles) character file.

Game seed: 3730736278141407570

195 MordorOrchid the Ruffian (level 5, -5/45 HPs)
             Began as an Oni Monk on Sept 7, 2019.
             Slain by an ogre
             ... wielding a +0 giant spiked club
              (16 damage)
             ... on level 3 of the Dungeon.
             The game lasted 00:06:42 (1485 turns).

MordorOrchid the Ruffian (Oni Monk)                 Turns: 1485, Time: 00:06:43

Health: -5/45      AC:  3    Str: 16    XL:     5   Next: 74%
Magic:  8/8        EV: 13    Int: 11    God:
Gold:   166        SH:  0    Dex: 13    Spells: 4/6 levels left

rFire    . . .     SeeInvis .     - Unarmed
rCold    . . .     Gourm    .   (no shield)
rNeg     . . .     Faith    .   a - +0 animal skin
rPois    .         Spirit   .   b - +0 hat
rElec    .         Reflect  .   (no cloak)
rCorr    .         Harm     .   (no gloves)
MR       .....                  p - +0 pair of boots
Stlth    ++++......             k - amulet of the acrobat
HPRegen  0.15/turn              h - ring of stealth
MPRegen  0.11/turn              (no ring)

@: hasted, very quick
A: oni magic, claws 1, fangs 1, horns 1
a: no special abilities


You were on level 3 of the Dungeon.
You were not hungry.

You visited 1 branch of the dungeon, and saw 3 of its levels.

You collected 166 gold pieces.

Inventory:

Missiles
 f - 96 bolts
 m - 115 poisoned needles
 s - 137 arrows
 t - 88 sling bullets
Armour
 a - a +0 animal skin (worn)
 b - a +0 hat (worn)
 p - a +0 pair of boots (worn)
 q - a +0 ring mail
 v - a +0 scale mail
Jewellery
 c - an uncursed amulet of guardian spirit
 h - a ring of stealth (left claw)
 k - an amulet of the acrobat (around neck)
Scrolls
 g - a scroll of amnesia {unknown}
 j - a scroll of magic mapping {unknown}
 n - a scroll of teleportation
 o - 2 scrolls of blinking {unknown}
Potions
 e - a potion of curing {unknown}
 i - a potion of haste
Comestibles
 d - 6 rations {!d}
 u - a chunk of flesh


   Skills:
 - Level 3.1 Fighting
 * Level 1.3 Armour
 - Level 3.0 Dodging
 * Level 2.9 Stealth
 + Level 4.4 Unarmed Combat
 * Level 1.0 Spellcasting
   Level 2.4 Invocations


You had 4 spell levels left.
You knew the following spells:

 Your Spells              Type           Power        Failure   Level  Hunger
b - Ensorcelled Hibernat  Hex/Ice        #.....       30%         2    ###....

Your spell library contained the following spells:

 Spells                   Type           Power        Failure   Level  Hunger
 Magic Dart               Conj           #...         19%         1    ##.....


Dungeon Overview and Level Annotations

Branches:
Dungeon (3/12)

Altars:

Annotations:
D:3 1 runed translucent door, Potatiko's ghost, amateur HuRg


Innate Abilities, Weirdness & Mutations

You learn spells by gaining experience, not through books or religion.
You only train spellcasting to practice magic.
You have sharp fingernails.
You have very sharp teeth.
You have a pair of small horns on your head.


Message History

You scratch the leopard gecko. Your headbutt misses the leopard gecko.
You bite the leopard gecko.
The leopard gecko is severely wounded.
You scratch the leopard gecko.
The leopard gecko is almost dead.
The leopard gecko closely misses you.
You claw the leopard gecko!
You kill the leopard gecko!
You scratch the ogre. You headbutt the ogre.
The ogre is moderately wounded.
The ogre hits you with a +0 giant spiked club!!
* * * LOW HITPOINT WARNING * * *
You claw the ogre! You headbutt the ogre.
The ogre is severely wounded.
You scratch the ogre. You bite the ogre, but do no damage.
The ogre is almost dead.
You scratch the ogre but do no damage.
The ogre is almost dead.
The ogre hits you with a +0 giant spiked club!
You die...

≈ #.+...♣..⌠#.########
#.##..%..##.#
#..##...##[.#
##..##W##...####
##..###..#.#.'#####
##.....#.#..#...≈#
#......###.#...≈#
(..###########.#.##...≈#
#....wO@........###...≈#
##<############## #≈≈≈≈#
#####+


You could see an ogre and a dart slug.

Vanquished Creatures
  A crimson imp (D:2)
  2 orc wizards (D:3)
  An adder (D:3)
  4 worms
  3 dart slugs
  6 leopard geckos
  9 orcs (D:3)
  3 bats (D:2)
  2 giant cockroaches
  4 goblins
  11 hobgoblins
  3 jackals (D:1)
  A ball python (D:2)
  3 frilled lizards
  7 kobolds
  5 rats
65 creatures vanquished.

Notes
Turn   | Place    | Note
-------+----------+-------------------------------------------
     0 | D:1      | MordorOrchid the Oni Monk began the quest for the Orb.
     0 | D:1      | Reached XP level 1. HP: 19/19 MP: 4/4
    83 | D:1      | Reached XP level 2. HP: 25/26 MP: 5/5
   337 | D:1      | Reached XP level 3. HP: 30/31 MP: 6/6
   594 | D:2      | Reached XP level 4. HP: 32/38 MP: 7/7
   602 | D:2      | Learned a level 2 spell: Ensorcelled Hibernation
   891 | D:2      | Reached skill level 1 in Armour
  1184 | D:3      | Reached skill level 4 in Unarmed Combat
  1207 | D:3      | Reached XP level 5. HP: 32/45 MP: 6/8
  1303 | D:3      | Found a runed translucent door.
  1303 | D:3      | Noticed Potatiko's ghost (amateur HuRg)
  1378 | D:3      | Reached skill level 1 in Spellcasting
  1468 | D:3      | Noticed an ogre
  1485 | D:3      | Slain by an ogre

Skill      XL: |  1  2  3  4  5 |
---------------+----------------+-----
Stealth        | 2 |  2.9
Dodging        | 3 |  3.0
Armour         | 1 |  1.3
Unarmed Combat | 4 |  4.4
Spellcasting   | 1 |  1.0
Fighting       | |  3.1
Invocations    | |  2.4

Action                   |  1- 3 |  4- 6 || total
-------------------------+-------+-------++-------
Melee: Unarmed           |    81 |   122 ||   203
       Bite              |     7 |    15 ||    22
       Headbutt          |     8 |    17 ||    25
       Punch             |       |     1 ||     1
  Use: Scroll            |       |     4 ||     4
       Potion            |       |     1 ||     1
 Stab: Sleeping          |     4 |     6 ||    10
  Eat: Chunk             |       |     2 ||     2
Armor: Animal skin       |     3 |     8 ||    11
Dodge: Dodged            |    44 |    43 ||    87
